Description

All-Purpose Terran build for beginners/semi-beginners.

  • Easy to execute (5 barracks + 1 factory + 1 starport on 2 bases)
  • Safe (early siege tank, wall, marines)
  • Good timing attack (combat shield + stimpack + 1 attack + siege tanks + medivacs)
  • Viable against all races (until master/diamond)

VOD

https://www.youtube.com/watch?v=jxY45xpxLZQ

Build Order

Get SALT Encoding   

  14  0:17  Supply Depot  
  15  0:28  Refinery  
  16  0:44  Barracks  
  19  1:31  Barracks Reactor  
  19  1:33  Orbital Command  
  19  1:42  Command Center  
  19  1:54  Factory  
  20  2:04  Supply Depot  Start Marines Production
  23  2:16  Refinery  When 50% on Factory
  26  2:38  Starport  
  27  2:41  Factory Tech Lab  
  30  2:58  Orbital Command  
  34  3:08  Siege Tank  
  41  3:32  Supply Depot  Supply Phase 1
  41  3:40  Liberator  Switch CC Rally Point
  57  4:25  Barracks x2  
  57  4:27  Refinery x2  
  57  4:30  Starport Reactor  
  58  4:32  Engineering Bay  
  67  4:58  Terran Infantry Weapons Level 1  
  71  5:15  Barracks x2  
  72  5:17  Barracks Tech Lab x2  
  76  5:36  Stimpack, Combat Shields  Start Medivacs Production
  80  5:48  Supply Depot  Supply Phase 2
  87  6:06  Barracks Reactor x2  
  133  7:25  Action  Attack!
Spawning Tool Build Advisor. Get it on Overwolf

Analysis

  • Supply Phase 1: build one supply after the other.
  • Supply Phase 2: build two supplies after the other.
  • If you respect those supply chains, you will not be supply blocked.
  • Prioritize workers production over army production.
  • Prioritize siege tanks over marines.
  • Harass with your liberator.
  • If you're getting cheesed, build your CC inside your base, bunker up, and with an early siege tank + marines + wall, you're safe.
  • Mules are super important! Use whenever you can on the closest patches. You have the possibility to do an Open Cut MULEing.

More information here: https://www.youtube.com/watch?v=bGDY5InBfg0

Go to:

Details

  • Created by: Plaimate
  • Published on: Nov 19, 2017
  • Modified on: Nov 21, 2017
  • Patch: 4.0.0
Show
View Real Time Build Order
Export as new Build Order

Comments (6)

On Nov. 14, 2018, 5:30 a.m., Stogi  said:

Nice Build and easy to do even after just starting the game.
Got one question:
Assuming the attack does not win the game, what would the follow up be? Next expension and counter to whatever your opponent has? Or just upgrade Marines/Tanks/Medivecs and keep attacking?

On Oct. 22, 2018, 7:45 p.m., PashkaTLT  said:

I wonder if it will survive against baneling bust?

On Feb. 10, 2018, 11:01 p.m., Brambleshire  said:

If I use an SCV to scout I wont have enough minerals to keep up with this. Especially after the barracks is finished and CC orb fact and reactor are coming down with this succession. How should I prioritize these things, since I wont have all the minerals right away?

On Dec. 7, 2017, 11:33 p.m., fenfenzhong  said:

On Nov. 27, 2017, 12:46 p.m., Pete5353  said:

Not sure how about the rules of spawningtool.com, but maybe add the name of the original creator of this BO?
BTW. an outstanding easy to learn BO for beginners.

On Nov. 21, 2017, 9 a.m., giwl  said:

Good organization

Create an account to comment!